AoeStats
← Spicy Boy

MegaRandom

510166846Analyzed
4v4 RM · 3d ago on Sep 29, 2026· 37m 7s· 8 players
Game mode
Random Map
Map size
Large (8 player)
Population
200
Speed
Normal
Resources
Standard
Victory
Conquest
Starting age
Dark Age
Ending age
Imperial Age
RankedLock teamsTeams togetherTeam positionsShared explorationLock speedFull tech treeHidden civsTurbo modeCheats
Victory
Defeat
🇫🇷 Persians · France
1014
+14
🇺🇸 Spanish · United States
1012
+14
🇫🇷 Magyars · France
952
+16
🇺🇸 Lithuanians · United States
905
+18
🇬🇧 Franks · United Kingdom
980
-16
🇧🇪 Inca · Belgium
963
-16
🇺🇸 Goths · United States
948
-15
🇪🇸 Mongols · Spain
948
-15
Spicy Boy
0:29 Loom
11:53 Feudal Age
12:36 Town Watch
13:26 Wheelbarrow
12:52 Double-Bit Axe
18:59 Fletching
26:41 Horse Collar
31:00 Castle Age
TitaN
7:45 Loom
12:03 Feudal Age
13:05 Man-at-Arms
16:21 Bloodlines
25:32 Castle Age
23:30 Horse Collar
24:48 Double-Bit Axe
Drewpert93
3:27 Loom
8:50 Loom
11:05 Feudal Age
11:51 Double-Bit Axe
20:56 Castle Age
20:11 Forging
27:02 Scale Barding Armor
27:33 Iron Casting
vanherenthals.remy
2:55 Loom
13:22 Feudal Age
12:09 Loom
18:15 Castle Age
16:07 Horse Collar
17:07 Arson
20:29 Squires
又菜又爱玩
12:06 Feudal Age
12:59 Double-Bit Axe
18:04 Castle Age
16:19 Horse Collar
19:46 Bow Saw
19:54 Scale Barding Armor
22:06 Wheelbarrow
22:37 Fervor
23:02 Forging
25:14 Gold Mining
25:42 Heavy Plow
27:46 Chain Barding Armor
28:02 Iron Casting
30:11 Hand Cart
37:12 Imperial Age
Sinhada
10:15 Feudal Age
11:11 Double-Bit Axe
16:51 Loom
17:19 Horse Collar
22:59 Castle Age
23:56 Stone Mining
23:57 Gold Mining
24:20 Scale Barding Armor
24:27 Bow Saw
24:19 Heavy Plow
25:22 Bloodlines
26:33 Wheelbarrow
26:22 Chain Barding Armor
28:23 Pikeman
31:48 Gold Shaft Mining
31:46 Corvinian Army
34:12 Husbandry
35:12 Murder Holes
35:36 Man-at-Arms
37:27 Masonry
FR HectorDevis
7:35 Loom
10:32 Feudal Age
11:20 Horse Collar
11:33 Double-Bit Axe
16:41 Forging
17:42 Bloodlines
22:03 Castle Age
24:49 Stone Mining
24:51 Gold Mining
25:03 Heavy Plow
25:16 Bow Saw
26:38 Iron Casting
28:48 Scale Barding Armor
33:23 Fletching
34:26 Thumb Ring
33:42 Crossbowman
34:43 Kamandaran
38:53 Imperial Age
ancientlasers
12:52 Feudal Age
11:08 Loom
17:37 Castle Age
17:53 Stone Mining
36:46 Wheelbarrow
39:50 Imperial Age
Connection lost

Rejoining the realm…

Still unreachable

The connection could not be restored.

Session expired

The server has moved on; the page needs a fresh start.